 Dungeon Crawl Stone Soup version 0.26-a0-752-gcff87cac9a (webtiles) character file.

Game seed: 17237887949320003871

443 robertstho the Vexing (level 7, 0/52 HPs)
             Began as a Gnoll Arcane Marksman on Nov 6, 2020.
             Slain by an ogre
             ... wielding a +0 giant club
              (17 damage)
             ... on level 5 of the Dungeon.
             The game lasted 00:05:40 (3488 turns).

robertstho the Vexing (Gnoll Arcane Marksman)       Turns: 3488, Time: 00:05:41

Health: 0/52       AC:  4    Str: 12    XL:     7   Next: 2%
Magic:  11/12      EV: 15    Int: 17    God:
Gold:   190        SH:  0    Dex: 16    Spells: 7/13 levels left

rFire    . . .     SeeInvis .   a - +1 shortbow
rCold    . . .     Faith    .   (shield currently unavailable)
rNeg     . . .     Spirit   .   e - +0 robe
rPois    .         Reflect  .   (no helmet)
rElec    .         Harm     .   (no cloak)
rCorr    .         Rampage  .   h - +0 pair of gloves
MR       .....                  j - +0 pair of boots
Stlth    ++........             (no amulet)
HPRegen  0.17/turn              (no ring)
MPRegen  0.13/turn              (no ring)

@: no status effects
A: distributed training, fangs 1, strong nose
a: no special abilities


You were on level 5 of the Dungeon.
You visited 1 branch of the dungeon, and saw 5 of its levels.

You collected 190 gold pieces.

Inventory:

Hand Weapons
 a - a +1 shortbow (weapon)
 i - a +0 hand axe
 k - a +0 halberd
Missiles
 d - 5 arrows (quivered)
Armour
 e - a +0 robe (worn)
 h - a +0 pair of gloves (worn)
 j - a +0 pair of boots (worn)
Jewellery
 b - a cursed -4 ring of evasion {unknown}
 m - an uncursed ring of magical power {unknown}
Scrolls
 c - 2 scrolls of teleportation
 g - a scroll of fog
 l - a scroll of enchant armour {unknown}
 n - a scroll of immolation {unknown}
Potions
 f - 2 potions of heal wounds {unknown}


   Skills:
 + Level 3.4 Fighting
 + Level 2.2 Short Blades
 + Level 2.2 Long Blades
 + Level 2.2 Axes
 + Level 2.2 Maces & Flails
 + Level 2.2 Polearms
 + Level 2.2 Staves
 + Level 2.2 Slings
 + Level 5.1 Bows
 + Level 2.2 Crossbows
 + Level 2.2 Throwing
 + Level 2.2 Armour
 + Level 5.1 Dodging
 + Level 2.2 Stealth
 + Level 2.2 Shields
 + Level 2.2 Unarmed Combat
 + Level 3.6 Spellcasting
 + Level 1.8 Conjurations
 + Level 5.7 Hexes
 + Level 1.8 Summonings
 + Level 1.8 Necromancy
 + Level 1.8 Translocations
 + Level 1.8 Transmutations
 + Level 1.8 Fire Magic
 + Level 1.8 Ice Magic
 + Level 1.8 Air Magic
 + Level 1.8 Earth Magic
 + Level 1.8 Poison Magic
 + Level 2.4 Invocations
 + Level 2.2 Evocations


You had 7 spell levels left.
You knew the following spells:

 Your Spells              Type           Power        Failure   Level
a - Corona                Hex            ###....      1%          1
b - Slow                  Hex            ###.....     2%          2
c - Portal Projectile     Hex/Tloc       ###...       11%         3

Your spell library contained the following spells:

 Spells                   Type           Power        Failure   Level
 Inner Flame              Hex/Fire       ###.....     11%         3
 Cause Fear               Hex            ###.......   16%         4
 Leda's Liquefaction      Hex/Erth       ###.......   34%         4


Dungeon Overview and Level Annotations

Branches:
Dungeon (5/15)
 Temple: D:4-7

Altars:
Ashenzari
Makhleb


Innate Abilities, Weirdness & Mutations

Your experience applies equally to all skills.
You have very sharp teeth.
Your uncanny sense of smell can sniff out nearby items.


Message History

Firing (i - inventory)
d - 8 arrows (quivered)
Press: ? - help, Shift-Dir - straight line, f/p - ogre
Aim: an ogre, wielding a +0 giant club (heavily wounded)
You shoot an arrow. The arrow hits the ogre!
The ogre is almost dead.
The ogre completely misses you.
Unknown command.
Firing (i - inventory)
d - 7 arrows (quivered)
Press: ? - help, Shift-Dir - straight line, f/p - ogre
Aim: an ogre, wielding a +0 giant club (almost dead)
You shoot an arrow. The arrow completely misses the ogre.
The ogre closely misses you.
Unknown command.
Firing (i - inventory)
d - 6 arrows (quivered)
Press: ? - help, Shift-Dir - straight line, f/p - ogre
Aim: an ogre, wielding a +0 giant club (almost dead)
You shoot an arrow. The arrow hits the ogre.
The ogre is almost dead.
The ogre hits you with a +0 giant club!
You die...

∆ ..... . ...... ##.
###...... . ..#
########.....((. . #.#
#....##(.(...... .###.#
#....##(#....... .....#
#....##.##...... .....##
#......O###..... ......#
#......@.......#
....#.####...............
....#....................
.<..######....#..........
....# ...####.........
....# ##### #.........
##### ##........
##.......


You could see an ogre.

Vanquished Creatures
  Sigmund (D:3)
  An ogre (D:4)
  An orc wizard (D:4)
  3 gnolls (D:3)
  8 adders
  An ooze (D:1)
  6 worms
  2 dart slugs (D:2)
  4 leopard geckos
  4 orcs
  6 bats
  A giant cockroach (D:1)
  3 goblins
  3 hobgoblins
  2 jackals (D:2)
  A quokka (D:2)
  3 frilled lizards
  3 kobolds (D:3)
  A leopard gecko skeleton (D:4)
  A quokka skeleton (D:4)
  3 rats
  A bush (D:2)
59 creatures vanquished.

Vanquished Creatures (others)
  3 plants (D:2)
3 creatures vanquished.

Grand Total: 62 creatures vanquished

Notes
Turn   | Place    | Note
-------+----------+-------------------------------------------
     0 | D:1      | robertstho the Gnoll Arcane Marksman began the quest for
                  | the Orb.
     0 | D:1      | Reached XP level 1. HP: 17/17 MP: 4/4
    92 | D:1      | Reached XP level 2. HP: 23/23 MP: 5/5
   549 | D:2      | Reached XP level 3. HP: 26/28 MP: 7/7
   878 | D:2      | Reached skill level 1 in Invocations
   987 | D:2      | Reached skill level 1 in Short Blades
   987 | D:2      | Reached skill level 1 in Long Blades
   987 | D:2      | Reached skill level 1 in Axes
   987 | D:2      | Reached skill level 1 in Maces & Flails
   987 | D:2      | Reached skill level 1 in Polearms
   987 | D:2      | Reached skill level 1 in Staves
   987 | D:2      | Reached skill level 1 in Slings
   987 | D:2      | Reached skill level 1 in Crossbows
   987 | D:2      | Reached skill level 1 in Throwing
   987 | D:2      | Reached skill level 1 in Armour
   987 | D:2      | Reached skill level 1 in Stealth
   987 | D:2      | Reached skill level 1 in Shields
   987 | D:2      | Reached skill level 1 in Unarmed Combat
   987 | D:2      | Reached skill level 1 in Evocations
  1005 | D:2      | Found a broken altar of Ashenzari.
  1080 | D:2      | Reached XP level 4. HP: 27/34 MP: 8/8
  1218 | D:2      | HP: 1/34 [worm (10)]
  1516 | D:2      | Learned a level 2 spell: Slow
  1520 | D:2      | Learned a level 3 spell: Portal Projectile
  1792 | D:2      | Found a burning altar of Makhleb.
  1792 | D:2      | Noticed a cacodemon
  1891 | D:2      | Found a faded altar of an unknown god.
  2233 | D:3      | Reached skill level 1 in Conjurations
  2233 | D:3      | Reached skill level 1 in Summonings
  2233 | D:3      | Reached skill level 1 in Necromancy
  2233 | D:3      | Reached skill level 1 in Translocations
  2233 | D:3      | Reached skill level 1 in Transmutations
  2233 | D:3      | Reached skill level 1 in Fire Magic
  2233 | D:3      | Reached skill level 1 in Ice Magic
  2233 | D:3      | Reached skill level 1 in Air Magic
  2233 | D:3      | Reached skill level 1 in Earth Magic
  2233 | D:3      | Reached skill level 1 in Poison Magic
  2458 | D:3      | Reached XP level 5. HP: 40/40 MP: 9/9
  2865 | D:3      | Noticed Sigmund
  2874 | D:3      | Killed Sigmund
  2874 | D:3      | Reached skill level 5 in Bows
  2874 | D:3      | Reached skill level 5 in Dodging
  2874 | D:3      | Reached XP level 6. HP: 41/47 MP: 2/11
  3292 | D:4      | Reached XP level 7. HP: 51/52 MP: 12/12
  3447 | D:5      | Entered Level 5 of the Dungeon
  3488 | D:5      | Slain by an ogre

Illustrated notes

Levels and vault maps discovered:
D:1:      dpeg_arrival_orchard, layout_basic
D:2:      layout_loops_ring, overflow_temple_1_default,
          chequers_ecumenical_altar_lobes, serial_park_tiny_2,
          kennysheep_flooded_box, makhleb_altar_promises_db
D:3:      layout_basic, minmay_misc_feat_iff, uniq_sigmund
D:4:      layout_basic
D:5:      layout_rooms, eat_drink_and_be_merry_uskayaw, lemuel_crystal_altar,
          minmay_between

Skill      XL: |  1  2  3  4  5 |
---------------+----------------+-----
Invocations    | 1 2 |  2.4
Short Blades   | 1 2 |  2.2
Long Blades    | 1 2 |  2.2
Axes           | 1 2 |  2.2
Maces & Flails | 1 2 |  2.2
Polearms       | 1 2 |  2.2
Staves         | 1 2 |  2.2
Slings         | 1 2 |  2.2
Crossbows      | 1 2 |  2.2
Throwing       | 1 2 |  2.2
Armour         | 1 2 |  2.2
Stealth        | 1 2 |  2.2
Shields        | 1 2 |  2.2
Unarmed Combat | 1 2 |  2.2
Evocations     | 1 2 |  2.2
Spellcasting   | 3 |  3.6
Conjurations   | 1 |  1.8
Summonings     | 1 |  1.8
Necromancy     | 1 |  1.8
Translocations | 1 |  1.8
Transmutations | 1 |  1.8
Fire Magic     | 1 |  1.8
Ice Magic      | 1 |  1.8
Air Magic      | 1 |  1.8
Earth Magic    | 1 |  1.8
Poison Magic   | 1 |  1.8
Fighting       | 3 |  3.4
Bows           | 5 |  5.1
Dodging        | 5 |  5.1
Hexes          | |  5.7

Action                   |  1- 3 |  4- 6 |  7- 9 || total
-------------------------+-------+-------+-------++-------
Melee: Hand axe          |   164 |       |       ||   164
       Bite              |    28 |    14 |       ||    42
       Punch             |     2 |     1 |       ||     3
       Dagger            |       |    59 |       ||    59
 Fire: Shortbow          |    89 |   105 |    14 ||   208
 Cast: Corona            |       |     7 |     1 ||     8
       Portal Projectile |       |     1 |       ||     1
  Use: Scroll            |       |     8 |       ||     8
       Potion            |       |     2 |       ||     2
 Stab: Sleeping          |       |     1 |       ||     1
Armor: Robe              |     9 |     5 |       ||    14
Dodge: Dodged            |    26 |    49 |     5 ||    80

Table legend: (Time is in decaauts)
 A = Elapsed time spent in this place.
 B = Non-inter-level travel time spent in this place.
 C = Inter-level travel time spent in this place.
 D = Time resting spent in this place.
 E = Time spent auto-exploring this place.
 F = Levels seen in this place.
 G = Mean time per level.
                   A        B        C        D        E       F      G
               +--------+--------+--------+--------+--------+-----+--------+
         Total |   3524 |   3335 |    189 |    293 |   2293 |   5 |  704.8 |
       Dungeon |   3524 |   3335 |    189 |    293 |   2293 |   5 |  704.8 |
               +--------+--------+--------+--------+--------+-----+--------+

Top non-repeatable levels by time:
     D:2: 1707 daAuts
     D:3: 937 daAuts
     D:1: 502 daAuts
     D:4: 335 daAuts
     D:5: 41 daAuts
